 Dungeon Crawl Stone Soup version 0.31-a0-182-gc5ef74bbde (webtiles) character file.

Game seed: 232744589163072807

245 frimble the Ruffian (level 6, -4/39 HPs)
             Began as an Octopode Warper on June 20, 2023.
             Slain by Grinder (8 damage)
             ... while paralysed by Grinder
             ... on level 3 of the Dungeon.
             The game lasted 00:03:18 (2328 turns).

frimble the Ruffian (Octopode Warper)               Turns: 2328, Time: 00:03:18

Health: -4/39      AC:  1    Str: 12    XL:     6   Next: 10%
Magic:  0/9        EV:  2    Int: 16    God:
Gold:   171        SH:  0    Dex: 11    Spells: 7/9 levels left

rFire   . .          .
                       - Unarmed
rCold   . . .        (no shield)
rNeg    . . .        (helmet restricted)
rPois   .            d - amulet of guardian spirit
rElec   .            j - ring of resist corrosion
rCorr   +            m - +5 ring of evasion
SInv    .            (no ring)
Will    .....        (no ring)
Stlth   ++           (no ring)
HPRegen 0.26/turn    (no ring)
MPRegen 0.11/turn    (no ring)
                     (no ring)

%: guardian spirit
@: paralysed, attractive
A: almost no armour, amphibious, 8 rings, camouflage 1, gelatinous body 1,
(nimble swimmer 1), tentacles
a: no special abilities


You were on level 3 of the Dungeon.
You visited 1 branch of the dungeon, and saw 3 of its levels.

You collected 171 gold pieces.

Inventory:

Missiles
 b - 5 boomerangs of dispersal (quivered)
Jewellery
 d - an amulet of guardian spirit (around mantle)
 j - a ring of resist corrosion (left tentacle)
 m - a +5 ring of evasion (right tentacle)
Scrolls
 a - 2 scrolls of blinking
 f - a scroll of butterflies
 h - a scroll of torment
 o - 2 scrolls of teleportation
Potions
 e - 3 potions of heal wounds
 i - a potion of brilliance
 k - 3 potions of ambrosia
 n - 2 potions of degeneration {unknown}
 p - a potion of might


   Skills:
 - Level 2.0 Fighting
 - Level 1.0 Throwing
 - Level 2.3 Dodging
 + Level 5.2 Unarmed Combat
 - Level 2.0 Spellcasting
 + Level 4.3 Translocations


You had 7 spell levels left.
You knew the following spells:

 Your Spells              Type           Power      Damage    Failure   Level
a - Blink                 Tloc           30%        N/A       5%          2

Your spell library contained the following spells:

 Spells                   Type           Power      Damage    Failure   Level
 Apportation              Tloc           30%        N/A       3%          1
 Lesser Beckoning         Tloc           30%        N/A       5%          2
 Teleport Other           Tloc           15%        N/A       11%         3
 Necrotise                Necr           4%         1d4       21%         1
 Summon Small Mammal      Summ           4%         N/A       21%         1
 Vhi's Electric Charge    Tloc/Air       16%        N/A       26%         3
 Manifold Assault         Tloc           15%        N/A       34%         4
 Ozocubu's Armour         Ice            1%         N/A       52%         3
 Ozocubu's Refrigeration  Ice            0%         4d7       100%        7


Dungeon Overview and Level Annotations

Branches:
Dungeon (3/15)

Altars:

Annotations:
D:3 dig, Grinder


Innate Abilities, Weirdness & Mutations

You cannot wear most types of armour.
You are amphibious.
You can wear up to eight rings at the same time.
Your skin changes colour to match your surroundings (Stealth+).
Your rubbery body absorbs attacks. (AC +1, EV +1)
((You are camouflaged when in or above water. (Stealth+)))
You have tentacles for arms and can constrict up to eight enemies at once.


Message History

Grinder is lightly wounded.
You constrict Grinder. Grinder hits you!
You writhe in agony.
You tentacle-slap Grinder.
Grinder is moderately wounded.
You constrict Grinder. Grinder barely misses you. Grinder gestures at you.
You barely resist. You tentacle-slap Grinder.
Grinder is moderately wounded.
You constrict Grinder. Grinder misses you.
You tentacle-slap Grinder. x2
Grinder is heavily wounded.
You constrict Grinder. Grinder gestures at you. Pain shoots through your body!
* * * LOW HITPOINT WARNING * * *
Grinder misses you.
You tentacle-slap Grinder.
You tentacle-slap Grinder, but do no damage.
Grinder is severely wounded.
You constrict Grinder. Grinder gestures at you.
You barely resist. You tentacle-slap Grinder.
Grinder is severely wounded.
You constrict Grinder.
Grinder blinks free!
Grinder is attracted toward you.
Throw: 6 boomerangs (disperse)
Press: ? - help, Q - select action, (/) - cycle Shift-Dir - straight line, f - Grinder
Aim: Grinder (almost dead, fast, 52% to hit)
You throw a boomerang of dispersal.
The boomerang of dispersal hits Grinder and shatters, but does no damage.
Grinder is almost dead.
Grinder gestures at you.
You suddenly lose the ability to move!
Grinder hits you!
* * * LOW HITPOINT WARNING * * *
You writhe in agony.
* * * LOW HITPOINT WARNING * * *
Grinder hits you!
You die...

#........# #........#
.........# .....#####
#..#.#######
#.##.......##
..########..## #.###
##..##### #.).####
##....@# #.#....#
#####§5.###
#.####.### ###.....
..# #...# #...... .##
###.## #...§.. .#
#..# #.....# ## ##.#
######.#####
#.###......#######
####
####.....##.........#


You could see Grinder (fast).

Vanquished Creatures
  Sigmund (D:3)
  A worm (D:3)
  3 dart slugs
  2 orcs (D:3)
  2 ball pythons
  9 bats
  7 endoplasms
  2 giant cockroaches
  5 goblins
  6 hobgoblins
  5 quokkas
  5 frilled lizards
  8 kobolds
  5 rats
61 creatures vanquished.

Notes
Turn   | Place    | Note
-------+----------+-------------------------------------------
     0 | D:1      | frimble the Octopode Warper began the quest for the Orb.
     0 | D:1      | Reached XP level 1. HP: 14/14 MP: 3/3
    88 | D:1      | Reached XP level 2. HP: 3/19 MP: 5/5
   201 | D:1      | Learned a level 2 spell: Blink
   257 | D:1      | Found a faded altar of an unknown god.
   326 | D:1      | Reached skill level 3 in Unarmed Combat
   529 | D:1      | Reached XP level 3. HP: 10/24 MP: 0/6
  1697 | D:2      | Reached skill level 4 in Unarmed Combat
  1809 | D:3      | Reached XP level 4. HP: 28/29 MP: 7/7
  1956 | D:3      | Noticed Sigmund
  2024 | D:3      | Killed Sigmund
  2025 | D:3      | Reached skill level 5 in Unarmed Combat
  2025 | D:3      | Reached XP level 5. HP: 28/34 MP: 6/8
  2025 | D:3      | Reached XP level 6. HP: 32/39 MP: 6/9
  2312 | D:3      | Noticed Grinder
  2327 | D:3      | Paralysed by Grinder for 3 turns
  2328 | D:3      | Slain by Grinder

Illustrated notes

Levels and vault maps discovered:
D:1:      dpeg_arrival_arbitrary_a, layout_rooms,
          shapermc_ecumenical_altar_flowoftime, dreamdust_princess_bridge,
          st_stairs_8
D:2:      kennysheep_big_flooded_room, layout_loops_ring,
          chequers_serial_rivers_small_b, minmay_pentomino_w4
D:3:      minmay_octagon_keep, layout_rooms, st_stairs_11, due_unseen_surprise,
          uniq_sigmund, uniq_grinder

Skill      XL: |  1  2  3  4 |
---------------+-------------+-----
Unarmed Combat | 3 4 5 |  5.2
Translocations | 4 |  4.3
Fighting       | |  2.0
Throwing       | |  1.0
Dodging        | |  2.3
Spellcasting   | |  2.0

Action                     |  1- 3 |  4- 6 || total
---------------------------+-------+-------++-------
  Melee: Unarmed           |   101 |    52 ||   153
         Constrict         |    23 |    10 ||    33
         Tentacles         |    15 |     6 ||    21
         Punch             |     2 |     4 ||     6
  Throw: Boomerang         |     1 |     1 ||     2
   Cast: Blink             |     3 |       ||     3
    Use: Scroll            |     8 |     4 ||    12
         Potion            |       |     1 ||     1
   Stab: Sleeping          |     6 |     1 ||     7
 Armour: Skin              |     8 |     2 ||    10
  Dodge: Dodged            |    50 |    46 ||    96

Table legend: (Time is in decaauts)
 A = Elapsed time spent in this place.
 B = Non-inter-level travel time spent in this place.
 C = Inter-level travel time spent in this place.
 D = Time resting spent in this place.
 E = Time spent auto-exploring this place.
 F = Levels seen in this place.
 G = Mean time per level.
                   A        B        C        D        E       F      G
               +--------+--------+--------+--------+--------+-----+--------+
         Total |   2318 |   2272 |     46 |      0 |   1861 |   3 |  772.7 |
       Dungeon |   2318 |   2272 |     46 |      0 |   1861 |   3 |  772.7 |
               +--------+--------+--------+--------+--------+-----+--------+

Top non-repeatable levels by time:
     D:1: 978 daAuts
     D:2: 796 daAuts
     D:3: 543 daAuts
